 Dungeon Crawl Stone Soup version 0.27-a0-1065-ge809cff456 (webtiles) character file.

Game seed: 2958143171410089582

732 Gaff the Magician (level 7, -6/47 HPs)
             Began as a Djinni Conjurer on Apr 22, 2021.
             Was a Believer of Yredelemnul.
             Mangled by Prince Ribbit (11 damage)
             ... on level 5 of the Dungeon on Apr 23, 2021.
             The game lasted 00:24:09 (6612 turns).

Gaff the Magician (Djinni Conjurer)                 Turns: 6612, Time: 00:24:10

Health: -6/47      AC: 12    Str:  6    XL:     7   Next: 73%
Gold:   206        EV: 11    Int: 22    God:    Yredelemnul [**....] SH:  0 Dex: 11

rFire    + + .     SeeInvis .   q - +0 falchion
rCold    x . .     Faith    .   (no shield)
rNeg     . . .     Spirit   .   x - +1 leather armour {Will+}
rPois    ∞         Reflect  .   j - +0 helmet
rElec    .         Harm     .   p - +2 cloak {Will+}
rCorr    .         Rampage  .   (no gloves)
Will     ++...                  (boots unavailable)
Stlth    ++........             (no amulet)
HPRegen  0.15/turn              e - +4 ring of protection
MPRegen  0.00/turn              (no ring)

@: flying
A: fire resistance 2, cold vulnerability 1, float, innate caster, hp casting,
extra vitality 1
a: Renounce Religion, Animate Remains, Recall Undead Slaves, Injury Mirror


You were on level 5 of the Dungeon.
You worshipped Yredelemnul.
Yredelemnul was pleased with you.
You visited 2 branches of the dungeon, and saw 7 of its levels.

You collected 206 gold pieces.

Inventory:

Hand Weapons
 b - a +0 whip
 q - a +0 falchion (weapon)
Missiles
 c - 112 stones
 o - 4 boomerangs
 w - 18 poisoned darts
Armour
 a - a +0 robe
 j - a +0 helmet (worn)
 p - a +2 cloak of willpower (worn)
 s - a +0 leather armour of positive energy
 v - a +0 helmet
 x - a +1 leather armour of willpower (worn)
Jewellery
 e - a +4 ring of protection (left hand)
Wands
 r - a wand of flame (10)
 t - a wand of charming (11)
Scrolls
 d - 3 scrolls of noise {unknown}
 f - a scroll of amnesia {unknown}
 g - 2 scrolls of teleportation {unknown}
 h - 2 scrolls of torment {unknown}
 k - 3 scrolls of identify {unknown}
 u - a scroll of silence {unknown}
 y - a scroll of magic mapping {unknown}
 z - a scroll of immolation {unknown}
Potions
 i - a potion of curing {unknown}
 l - 2 potions of flight {unknown}
 m - a potion of brilliance {unknown}
 n - a potion of ambrosia {unknown}


   Skills:
 + Level 1.4 Fighting
 + Level 3.2 Armour
 - Level 3.0 Dodging
 - Level 2.2 Stealth
 * Level 6.0 Spellcasting
 + Level 3.1 Invocations


You couldn't memorise any spells.
You knew the following spells:

 Your Spells              Type           Power      Damage    Failure   Level
a - Magic Dart            Conj           100%       1d8       1%          1
b - Searing Ray           Conj           66%        3d5       1%          2
c - Dazzling Flash        Conj/Hex       66%        N/A       3%          3
d - Fulminant Prism       Conj/Hex       16%        3d11      11%         4
e - Iskenderun's Mystic   Conj/Tloc      33%        2d8       11%         4
f - Animate Skeleton      Necr           66%        N/A       1%          1
g - Poisonous Vapours     Pois/Air       66%        N/A       1%          2
h - Slow                  Hex            33%        N/A       1%          2
Your spell library was empty.

Dungeon Overview and Level Annotations

Branches:
Dungeon (6/15)             Temple (1/1) D:5

Altars:
Ashenzari
Cheibriados
Dithmenos
Elyvilon
Hepliaklqana
Kikubaaqudgha
Makhleb
Okawaru
Sif Muna
Vehumet
Wu Jian
Xom
Yredelemnul
Zin

Shops:
D:1 :   D:4 (

Annotations:
D:5 Grinder, Prince Ribbit


Innate Abilities, Weirdness & Mutations

You are immune to poison.
Your flesh is very heat resistant. (rF++)
You are vulnerable to cold. (rC-)
You float through the air rather than walking.
You learn spells naturally, not from books.
Your magical power is your life essence.
You have superior vitality. (+4 HP)


Message History

The kobold brigand is almost dead.
* * * LOW HITPOINT WARNING * * *
Something barely misses the kobold brigand.
The kobold brigand throws a curare-tipped dart.
The curare-tipped dart hits you.
Something closely misses the kobold brigand.
The kobold closely misses your hound zombie.
A kobold comes into view. It is wielding a +0 club.
The kobold throws a poisoned dart.
The poisoned dart barely misses your hound zombie.
The poisoned dart hits you!
Your hound zombie bites the kobold brigand.
Prince Ribbit comes into view.
The kobold brigand throws a curare-tipped dart.
The curare-tipped dart hits you.
Your hound zombie bites the kobold brigand but does no damage.
Prince Ribbit hits you.
* * * LOW HITPOINT WARNING * * *
Prince Ribbit hits you but does no damage.
Prince Ribbit barely misses you.
There is a stone staircase leading up here.
Casting: Magic Dart (safe; 1% risk of failure)
Confirm with . or Enter, or press ? or * to list all spells.
Okay, then.
Casting: Magic Dart (safe; 1% risk of failure)
Confirm with . or Enter, or press ? or * to list all spells.
Okay, then.
Prince Ribbit barely misses you.
You fly upwards.
Level annotation: Grinder
There is a stone staircase leading down here.
Casting: Magic Dart (safe; 1% risk of failure)
Confirm with . or Enter, or press ? or * to list all spells.
Okay, then.
Okay, then.
Prince Ribbit hits you!
* * * LOW HITPOINT WARNING * * *
Prince Ribbit hits you!
You die...
Your body rises from the dead as a mindless zombie.

#.####### #.......##
#.##.....# #.##.##..#
##### #....#<..# ....#
#########.### ....#
#........<..#
....#########.###########
...............F@#
....############## ....#
#####


You could see Prince Ribbit.

Vanquished Creatures
  A sky beast (D:5)
  2 lemures (D:5)
  A wyvern skeleton (D:5)
  A howler monkey (D:5)
  7 hounds
  A centaur skeleton (D:4)
  Jessica (D:3)
  Ijyb (D:4)
  An orc wizard (D:4)
  A killer bee zombie (D:6)
  A gnoll (D:1)
  4 adders
  A white imp (D:6)
  2 ufetubi
  An adder skeleton (D:4)
  2 worms (D:4)
  3 dart slugs
  6 orcs
  2 ball pythons
  6 endoplasms
  4 giant cockroaches
  2 goblins (D:1)
  6 hobgoblins
  4 jackals
  2 quokkas
  4 bats
  2 frilled lizards
  10 kobolds
  4 rats
83 creatures vanquished.

Vanquished Creatures (collateral kills)
  A centaur zombie (D:4)
  An iguana (D:4)
  An orc wizard (D:4)
  An adder (D:4)
  3 orcs (D:4)
  A giant cockroach (D:2)
  A hobgoblin (D:2)
  2 jackals
11 creatures vanquished.

Vanquished Creatures (others)
  A bat zombie (D:3)
  2 giant cockroach zombies
  A goblin zombie (D:4)
  A hobgoblin zombie (D:4)
  A hound zombie (D:6)
  A kobold zombie (D:4)
  An orc skeleton (D:4)
  5 fulminant prisms
13 creatures vanquished.

Grand Total: 107 creatures vanquished

Notes
Turn   | Place    | Note
-------+----------+-------------------------------------------
     0 | D:1      | Gaff the Djinni Conjurer began the quest for the Orb.
     0 | D:1      | Reached XP level 1. HP: 15/15 MP: 0/0
   480 | D:1      | Found Quczos's Book Shoppe.
   546 | D:1      | Reached XP level 2. HP: 11/21 MP: 0/0
   695 | D:1      | Reached skill level 4 in Spellcasting
   861 | D:1      | Found a faded altar of an unknown god.
   869 | D:1      | Became a worshipper of Yredelemnul the Dark
   869 | D:1      | Reached * piety under Yredelemnul
  1171 | D:2      | Reached XP level 3. HP: 18/25 MP: 0/0
  1171 | D:2      | Learned a level 1 spell: Animate Skeleton
  2163 | D:3      | Noticed Jessica
  2170 | D:3      | Killed Jessica
  2171 | D:3      | Reached XP level 4. HP: 20/31 MP: 0/0
  3396 | D:4      | Reached ** piety under Yredelemnul
  3420 | D:4      | Reached skill level 1 in Armour
  3420 | D:4      | Reached skill level 1 in Invocations
  3420 | D:4      | Reached XP level 5. HP: 18/35 MP: 0/0
  3420 | D:4      | Learned a level 2 spell: Poisonous Vapours
  3925 | D:4      | Reached skill level 5 in Spellcasting
  3990 | D:4      | Reached XP level 6. HP: 36/40 MP: 0/0
  4166 | D:4      | Found Wadamooh's Antique Weapon Shoppe.
  4349 | D:4      | Noticed Ijyb
  4354 | D:4      | Killed Ijyb
  4369 | D:4      | Your ally Ijyb died
  5385 | D:5      | Entered Level 5 of the Dungeon
  5414 | D:5      | Noticed Pikel
  5479 | D:5      | Found a staircase to the Ecumenical Temple.
  5488 | Temple   | Entered the Ecumenical Temple
  5756 | D:5      | Reached XP level 7. HP: 38/45 MP: 0/0
  5756 | D:5      | Learned a level 2 spell: Slow
  5929 | D:5      | Found an iron altar of Okawaru.
  5975 | D:5      | Noticed Grinder
  6279 | D:5      | Reached skill level 1 in Fighting
  6366 | D:6      | Reached skill level 6 in Spellcasting
  6605 | D:6      | Noticed Prince Ribbit
  6612 | D:5      | Mangled by Prince Ribbit

Illustrated notes

Levels and vault maps discovered:
D:1:      zelgadis_glass_arrival_small, layout_loops_cross,
          shapermc_ecumenical_altar_totnotflames, serial_shops,
          nicolae_shop_trees
D:2:      layout_loops_ring
D:3:      kennysheep_big_flooded_room, layout_basic, minmay_misc_feat_x,
          uniq_jessica
D:4:      layout_layer_cave, serial_shops, nicolae_shop_window_shopping,
          st_stairs_7, wad_rectangle_vault, uniq_ijyb
D:5:      layout_basic, overflow_temple_1_default, minmay_temple_entry_wispy,
          minmay_holes, uniq_grinder, uniq_pikel
D:6:      layout_cave_pools, uniq_prince_ribbit1
Temple:   nicolae_temple_x_marks_the_god

Skill      XL: |  1  2  3  4  5  6  7 |
---------------+----------------------+-----
Spellcasting   | 4 5 6 |  6.0
Stealth        | 2 |  2.2
Dodging        | 3 |  3.0
Armour         | 1 2 3 |  3.2
Invocations    | 1 2 3 |  3.1
Fighting       | 1 |  1.4

Action                   |  1- 3 |  4- 6 |  7- 9 || total
-------------------------+-------+-------+-------++-------
Melee: Whip              |       |     1 |       ||     1
       Falchion          |       |     1 |       ||     1
 Cast: Magic Dart        |    53 |   121 |    35 ||   209
       Searing Ray       |     3 |     7 |    12 ||    22
       Dazzling Flash    |       |     2 |       ||     2
       Animate Skeleton  |       |     1 |       ||     1
       Fulminant Prism   |       |     3 |     2 ||     5
       Slow              |       |       |     2 ||     2
Invok: Animate Remains   |    11 |    15 |     1 ||    27
Armor: Robe              |     2 |    19 |       ||    21
       Leather armour    |       |       |    14 ||    14
Dodge: Dodged            |     6 |    24 |    14 ||    44
       Rpst.: Falchion   |       |     2 |     1 ||     3

Table legend: (Time is in decaauts)
 A = Elapsed time spent in this place.
 B = Non-inter-level travel time spent in this place.
 C = Inter-level travel time spent in this place.
 D = Time resting spent in this place.
 E = Time spent auto-exploring this place.
 F = Levels seen in this place.
 G = Mean time per level.
                   A        B        C        D        E       F      G
               +--------+--------+--------+--------+--------+-----+--------+
         Total |   6615 |   6470 |    145 |   2180 |   3126 |   7 |  945.0 |
       Dungeon |   6532 |   6394 |    138 |   2180 |   3053 |   6 | 1088.7 |
        Temple |     82 |     75 |      7 |      0 |     73 |   1 |   82.0 |
               +--------+--------+--------+--------+--------+-----+--------+

Top non-repeatable levels by time:
     D:4: 2184 daAuts
     D:3: 1237 daAuts
     D:2: 1099 daAuts
     D:1: 1013 daAuts
     D:5: 824 daAuts
     D:6: 173 daAuts
  Temple: 82 daAuts
